Match 22737796
Unlisted

Match 22737796
End
Construct Barracks
Riflemen Squad
M1 Mortar Team
Riflemen Squad
Infantry Support Center
Riflemen Squad
Selects Advanced Infantry Battlegroup
Selects Convert to Ranger Squad
Convert to Ranger Squad
Construct Motor Pool
Eber
Jesulin
LuiSBa
DPdangi281
Venox
pimmelfisch
0
0

Comments sign in to comment!

No comments posted yet!